 Dungeon Crawl Stone Soup version 0.18-a0-1789-gbeff17f (webtiles) character file.

2272 SkaryMonk the Tainter (level 9, 0/51 HPs)
             Began as an Octopode Venom Mage on Apr 21, 2016.
             Was a Follower of Vehumet.
             Succumbed to an orc wizard's poison
             ... on level 7 of the Dungeon.
             The game lasted 02:22:32 (6475 turns).

SkaryMonk the Tainter (Octopode Venom Mage)         Turns: 6475, Time: 02:22:33

Health: 0/51       AC:  1    Str:  7    XL:     9   Next: 38%
Magic:  1/22       EV: 12    Int: 21    God:    Vehumet [*.....]
Gold:   278        SH:  0    Dex: 12    Spells: 4 memorised, 4 levels left

rFire  . . .     SeeInvis .     i - +1 short sword (speed)
rCold  . . .     Gourm    .     (no shield)
rNeg   . . .     Faith    .     (helmet restricted)
rPois  .         Spirit   .     k - amulet of inaccuracy (curse)
rElec  .         Dismiss  .     h - ring of magical power
rCorr  .         Reflect  .     y - ring of loudness (curse)
SustAt .         Harm     .     (no ring)
MR     .....                    (no ring)
Stlth  ++........               (no ring)
                                (no ring)
                                (no ring)
                                (no ring)

@: lethally poisoned (0 -> -23), hasted, very quick, not resistant to hostile
enchantments, unstealthy
A: almost no armour, amphibious, 8 rings, constrict 8, camouflage 1, gelatinous
body 1
a: Renounce Religion


You were on level 7 of the Dungeon.
You worshipped Vehumet.
Vehumet was aware of your devotion.
You were very hungry.

You visited 1 branch of the dungeon, and saw 7 of its levels.

You collected 278 gold pieces.

Notes
Turn   | Place    | Note
--------------------------------------------------------------
     0 | D:1      | SkaryMonk the Octopode Venom Mage began the quest for the Orb.
     0 | D:1      | Reached XP level 1. HP: 11/11 MP: 3/3
    92 | D:1      | Reached skill level 5 in Poison Magic
   136 | D:1      | Reached XP level 2. HP: 14/17 MP: 3/5
   148 | D:1      | Learned a level 2 spell: Cure Poison
   351 | D:1      | Reached XP level 3. HP: 20/21 MP: 2/6
   360 | D:1      | Learned a level 3 spell: Mephitic Cloud
   496 | D:1      | Reached skill level 6 in Poison Magic
  1168 | D:2      | Noticed Sigmund
  1332 | D:1      | Reached XP level 4. HP: 25/27 MP: 3/7
  1685 | D:2      | Killed Sigmund
  1685 | D:2      | Reached skill level 7 in Poison Magic
  1685 | D:2      | Reached XP level 5. HP: 20/31 MP: 1/8
  1685 | D:2      | Reached XP level 6. HP: 24/36 MP: 1/9
  2358 | D:3      | Reached skill level 8 in Poison Magic
  2565 | D:3      | Found a basalt altar of Yredelemnul.
  2568 | D:3      | Found a bloodstained altar of Trog.
  2571 | D:3      | Found a blossoming altar of Fedhas.
  2715 | D:4      | Noticed Yehuk's ghost (amateur DsFi)
  2980 | D:4      | Reached skill level 9 in Poison Magic
  2980 | D:4      | Reached XP level 7. HP: 31/41 MP: 4/10
  2986 | D:4      | Learned a level 4 spell: Olgreb's Toxic Radiance
  3558 | D:5      | Entered Level 5 of the Dungeon
  3642 | D:5      | Reached skill level 10 in Poison Magic
  3933 | D:5      | Reached skill level 1 in Short Blades
  4231 | D:5      | Noticed Dowan
  4240 | D:5      | Noticed Duvessa
  4255 | D:5      | Killed Dowan
  4293 | D:5      | Killed Duvessa
  4293 | D:5      | Reached XP level 8. HP: 36/46 MP: 1/11
  4506 | D:5      | Found a radiant altar of Vehumet.
  4511 | D:5      | Found a glowing silver altar of Zin.
  4520 | D:5      | Became a worshipper of Vehumet
  4625 | D:6      | Found a staircase to the Ecumenical Temple.
  4673 | D:6      | Found a glowing golden altar of the Shining One.
  4692 | D:6      | Noticed macross's ghost (weakling FoAK)
  4703 | D:6      | Killed macross's ghost
  4754 | D:6      | Found an ancient bone altar of Kikubaaqudgha.
  5281 | D:6      | Reached * piety under Vehumet
  5281 | D:6      | Offered knowledge of Shock by Vehumet.
  5329 | D:6      | Reached skill level 5 in Conjurations
  5396 | D:6      | Found an iron altar of Okawaru.
  5719 | D:6      | Found a shimmering altar of Xom.
  5862 | D:6      | Reached XP level 9. HP: 51/51 MP: 12/12
  6343 | D:7      | Found a shadowy altar of Dithmenos.
  6474 | D:7      | HP: 3/76 [orc warrior/mace (1)]
  6475 | D:7      | Succumbed to an orc wizard's poison

Inventory:

Hand Weapons
 i - a +1 short sword of speed (weapon)
 s - a +0 rapier
Jewellery
 h - a ring of magical power (left tentacle)
 j - an uncursed ring of positive energy {unknown}
 k - a cursed amulet of inaccuracy (around mantle)
 o - an uncursed amulet of guardian spirit {unknown}
 y - a cursed ring of loudness (right tentacle)
Wands
 l - a wand of iceblast (6/15)
 t - a wand of slowing (24/48)
Scrolls
 d - a scroll of random uselessness {unknown}
 f - 2 scrolls of amnesia
Books
 a - a Young Poisoner's Handbook

   Spells                             Type                      Level
   a - Sting                          Conjuration/Poison           1
   b - Cure Poison                    Poison                       2
   c - Mephitic Cloud                 Conjuration/Poison/Air       3
   d - Olgreb's Toxic Radiance        Poison                       4
   e - Venom Bolt                     Conjuration/Poison           5
 x - a book of Minor Magic

   Spells                             Type                      Level
   a - Magic Dart                     Conjuration                  1
   b - Blink                          Translocation                2
   c - Call Imp                       Summoning                    2
   d - Repel Missiles                 Charms/Air                   2
   e - Slow                           Hexes                        2
   f - Conjure Flame                  Conjuration/Fire             3
   g - Mephitic Cloud                 Conjuration/Poison/Air       3
Comestibles
 b - 8 bread rations
 c - a beef jerky
 g - 6 chunks of flesh
 u - a meat ration

Table legend:
 A = Turns spent in this place as a percentage of turns spent in the entire game.
 B = Non-inter-level travel turns spent in this place as a percentage of non-inter-level travel turns spent in the entire game.
 C = Inter-level travel turns spent in this place as a percentage of turns spent in this place.
 D = Turns resting spent in this place as a percentage of non-inter-level travel turns spent in this place.
 E = Turns spent auto-exploring this place as a percentage of non-inter-level travel turns spent in this place.
 F = Non-inter-level travel turns spent in this place divided by the number of levels of this place that you've seen.
                   A       B       C       D       E      F
               +-------+-------+-------+-------+-------+----------------------
         Total | 100.0 | 100.0 |   0.7 |   3.6 |  10.9 | 260.6
       Dungeon | 100.0 | 100.0 |   0.7 |   3.6 |  10.9 | 260.6
               +-------+-------+-------+-------+-------+----------------------


   Skills:
 - Level 4.1 Short Blades
 - Level 2.0 Dodging
 - Level 2.6 Stealth
 + Level 3.0 Spellcasting
 - Level 8.3 Conjurations
 - Level 10.0 Poison Magic


You had 4 spell levels left.
You knew the following spells:

 Your Spells              Type           Power        Failure   Level  Hunger
a - Sting                 Conj/Pois      ####         1%          1    None
b - Cure Poison           Pois           #####.....   1%          2    ##.....
c - Mephitic Cloud        Conj/Pois/Air  ####....     3%          3    ###....
d - Olgreb's Toxic Radia  Pois           #####...     2%          4    ####...


Dungeon Overview and Level Annotations

Branches:
Dungeon (7/15)             Temple (0/1) D:6

Altars:
Dithmenos
Fedhas
Kikubaaqudgha
Okawaru
Trog
Vehumet
Xom
Yredelemnul
Zin
The Shining One

Annotations:
D:4 Yehuk's ghost, amateur DsFi


Innate Abilities, Weirdness & Mutations

You cannot wear most types of armour.
You are amphibious.
You can wear up to eight rings at the same time.
You can use your tentacles to constrict eight enemies at once.
Your skin changes colour to match your surroundings (Stealth).
Your rubbery body absorbs attacks (AC +1).


Message History

You closely miss the orc wizard.
The orc wizard is heavily wounded.
* * * LOW HITPOINT WARNING * * *
You feel sick.
The orc wizard hits you but does no damage.
You are more poisoned.
Drink which item? (? for menu, Esc to quit)
It was a potion of cancellation.
Your magical effects are unravelling.
You feel magically purged.
* * * LOW HITPOINT WARNING * * *
You feel sick.
The orc wizard hits you but does no damage.
You are more poisoned.
The orc warrior hits you with a mace.
* * * LOW HITPOINT WARNING * * *
Drink which item? (? for menu, Esc to quit)
It was a potion of haste.
You feel yourself speed up.
You feel less woody.
You die...

#
....##....#.#.####.
..
#................
#. #.....###.####.
.. #.....###.####.
#.##>.............
#....#######.##.##
####.# #....#
#####.# ####.#
#o@...# #
###o######
#........#
#..{.....#
#........#
#........#####
##รท...........#
#.........o...#
#.##.##.......#


You could see an orc warrior and an orc wizard.

Table legend:
 A = Kills in this place as a percentage of kills in entire the game.
 B = Kills by you in this place as a percentage of kills by you in the entire game.
 C = Kills by friends in this place as a percentage of kills by friends in the entire game.
 D = Other kills in this place as a percentage of other kills in the entire game.
 E = Experience gained in this place as a percentage of experience gained in the entire game.
 F = Experience gained in this place divided by the number of levels of this place that you have seen.
                   A       B       C       D       E      F
               +-------+-------+-------+-------+-------+----------------------
         Total | 100.0 | 100.0 |  -nan | 100.0 | 100.0 | 463.9
       Dungeon | 100.0 | 100.0 |  -nan | 100.0 | 100.0 | 463.9
               +-------+-------+-------+-------+-------+----------------------

Vanquished Creatures
  Sigmund (D:2)
  A spriggan (D:7)
  A hippogriff (D:7)
  Duvessa (D:5)
  An orc warrior (D:6)
  3 ogres
  A phantom (D:6)
  2 giant frogs (D:6)
  4 scorpions
  Dowan (D:5)
  4 killer bees (D:7)
  2 howler monkeys
  A centaur zombie (D:6)
  4 crimson imps
  A giant frog zombie (D:6)
  A hound (D:7)
  A giant frog skeleton (D:4)
  2 iguanas
  2 orc wizards (D:6)
  3 worker ants
  A hound zombie (D:6)
  8 adders
  5 gnolls
  3 shadow imps
  An ooze (D:1)
  An adder skeleton (D:4)
  The ghost of macross the Skirmisher, a weakling FoAK of Lugonu (D:6)
  3 dart slugs
  7 giant geckos
  11 orcs
  A bat zombie (D:6)
  3 giant cockroaches
  3 hobgoblins
  8 jackals
  5 quokkas
  2 ball pythons
  7 bats
  3 giant newts
  7 goblins
  11 kobolds
  2 quokka skeletons
  5 rats
  2 rat zombies (D:6)
137 creatures vanquished.

Action                   |  1- 3 |  4- 6 |  7- 9 || total
-------------------------+-------+-------+-------++-------
Melee: Unarmed           |    18 |       |       ||    18
       Tentacles         |     2 |     7 |    28 ||    37
       Constrict         |     5 |    13 |    28 ||    46
       Short sword       |    10 |    51 |   201 ||   262
 Cast: Sting             |    48 |    44 |   131 ||   223
       Mephitic Cloud    |     2 |     2 |    18 ||    22
       Cure Poison       |       |     1 |     7 ||     8
       Olgreb's Toxic Ra |       |       |     4 ||     4
  Use: Scroll            |     1 |     1 |     9 ||    11
       Potion            |       |       |     6 ||     6
 Stab: Sleeping          |     1 |     4 |     3 ||     8
       Confused          |       |     1 |       ||     1
       Distracted        |       |       |     1 ||     1
  Eat: Chunk             |     2 |     6 |    13 ||    21
       Pizza             |       |       |     1 ||     1
Armor: Skin              |     2 |     3 |    20 ||    25
Dodge: Dodged            |    15 |    18 |    88 ||   121

Vault maps used:
D:1:      zaba_arrival_water, minmay_misc_feat_tiny, minmay_misc_feat_five
D:2:      first_bread, minmay_misc_feat_more_columns, uniq_sigmund
D:3:      grunt_temple_overflow_diamond
D:5:      minitemple, uniq_duvessa
D:6:      lemuel_crystal_altar, lemuel_zombie_altar_kikubaaqudgha,
          lemuel_crystal_altar, okawaru_trees_2
D:7:      grunt_dithmenos_smoke, hangedman_decor_opposing, the_bakery,
          grunt_decor_mini_mirrors
